General information
- name: BNet
- type: Ladder 1vs1/FFA
- host: Battle.net
- saver: BEAR_AND
map: EchoIsles
- players: 2
- length: 58:16
- speed: Fast
- version: 1.27 W3XP
- replay type:

» download(174 KB)
Players
team 1 (winner)
BEAR_AND (
orange | 107 APM | 6236 actions | 58:16)
6 Archmage
1 Summon Water Elemental
3 Brilliance Aura
2 Blizzard
5 Mountain King
3 Storm Bolt
2 Bash
3 Paladin
2 Holy Light
1 Divine Shield
» actions
| Assign group hotkey | 45 | |
| Basic commands | 36 | |
| Build / train | 207 | |
| Enter build submenu | 72 | |
| Enter hero's abilities submenu | 14 | |
| Give item / drop item | 10 | |
| Remove unit from queue | 1 | |
| Right click | 3771 | |
| Select / deselect | 930 | |
| Select group hotkey | 620 | |
| Use ability | 530 | |
6236 total
» units
| Peasant | 20 | |
| Dragonhawk Rider | 12 | |
| Priest | 1 | |
33 total
» upgrades
| Lumber Harvesting | 2 | |
| Masonry | 3 | |
| Magic Sentry | 1 | |
| Priest Training | 1 | |
| Animal War Training | 1 | |
| Swords | 3 | |
| Armor | 3 | |
| Cloud | 1 | |
| Storm Hammers | 1 | |
16 total
» buildings
| Altar of Kings | 1 | |
| Farm | 10 | |
| Lumber Mill | 1 | |
| Scout Tower | 108 | |
| Arcane Vault | 2 | |
| Arcane Tower | 10 | |
| Guard Tower | 81 | |
| Keep | 1 | |
| Town Hall | 1 | |
| Castle | 3 | |
| Arcane Sanctum | 1 | |
| Gryphon Aviary | 2 | |
| Blacksmith | 1 | |
| Barracks | 1 | |
223 total
» build order
00:09 Altar of Kings
00:19 Farm
00:37 Lumber Mill
00:48 Farm
01:19 Scout Tower
01:31 Arcane Vault
01:45 Scout Tower
02:04 Arcane Tower
02:04 Arcane Tower
02:32 Guard Tower
02:34 Scout Tower
02:55 Scout Tower
02:55 Scout Tower
02:56 Scout Tower
03:17 Guard Tower
03:18 Scout Tower
03:18 Scout Tower
03:19 Scout Tower
03:20 Scout Tower
03:20 Scout Tower
03:51 Keep
04:42 Town Hall
04:48 Scout Tower
04:48 Scout Tower
04:49 Scout Tower
05:14 Arcane Tower
05:42 Guard Tower
05:42 Guard Tower
05:42 Guard Tower
05:43 Guard Tower
05:43 Guard Tower
05:44 Guard Tower
06:08 Scout Tower
06:09 Scout Tower
06:28 Guard Tower
06:29 Guard Tower
06:29 Guard Tower
06:41 Guard Tower
06:42 Guard Tower
06:42 Guard Tower
07:23 Scout Tower
07:25 Scout Tower
07:26 Scout Tower
08:07 Guard Tower
08:10 Guard Tower
08:11 Scout Tower
08:12 Scout Tower
08:12 Scout Tower
08:13 Scout Tower
08:14 Scout Tower
08:14 Scout Tower
09:33 Castle
09:34 Castle
09:34 Guard Tower
09:37 Scout Tower
09:37 Scout Tower
09:37 Scout Tower
09:38 Scout Tower
09:59 Scout Tower
10:00 Scout Tower
10:44 Scout Tower
10:44 Scout Tower
10:45 Scout Tower
10:45 Scout Tower
10:46 Scout Tower
10:46 Scout Tower
10:52 Scout Tower
10:53 Scout Tower
10:54 Scout Tower
10:55 Scout Tower
10:55 Scout Tower
10:56 Scout Tower
11:00 Farm
11:01 Farm
11:03 Farm
11:14 Guard Tower
11:22 Guard Tower
11:22 Guard Tower
11:28 Guard Tower
11:30 Scout Tower
12:02 Guard Tower
12:03 Guard Tower
12:17 Guard Tower
13:05 Arcane Sanctum
13:07 Guard Tower
13:07 Guard Tower
13:07 Guard Tower
13:11 Scout Tower
13:11 Scout Tower
13:12 Scout Tower
13:12 Scout Tower
13:13 Scout Tower
13:13 Scout Tower
13:15 Guard Tower
13:29 Arcane Vault
13:42 Gryphon Aviary
14:08 Guard Tower
14:08 Guard Tower
14:33 Guard Tower
14:35 Guard Tower
15:04 Guard Tower
15:04 Guard Tower
15:36 Guard Tower
16:03 Guard Tower
16:06 Scout Tower
16:06 Scout Tower
16:07 Scout Tower
16:11 Scout Tower
16:12 Scout Tower
16:13 Scout Tower
16:13 Scout Tower
16:28 Scout Tower
16:29 Scout Tower
16:30 Scout Tower
16:30 Scout Tower
16:30 Scout Tower
16:59 Guard Tower
16:59 Guard Tower
17:03 Scout Tower
17:04 Scout Tower
17:04 Scout Tower
17:06 Scout Tower
17:06 Scout Tower
18:22 Arcane Tower
18:22 Arcane Tower
18:22 Arcane Tower
18:23 Arcane Tower
18:25 Guard Tower
18:25 Guard Tower
18:25 Guard Tower
18:27 Guard Tower
18:28 Guard Tower
18:28 Guard Tower
18:33 Scout Tower
18:33 Scout Tower
18:34 Scout Tower
18:34 Scout Tower
18:35 Scout Tower
18:37 Scout Tower
18:38 Scout Tower
18:38 Scout Tower
18:39 Scout Tower
18:40 Scout Tower
18:40 Scout Tower
18:41 Scout Tower
18:41 Scout Tower
18:42 Scout Tower
18:42 Scout Tower
18:44 Guard Tower
18:45 Guard Tower
18:49 Farm
19:11 Guard Tower
19:14 Blacksmith
19:21 Barracks
19:26 Guard Tower
19:33 Guard Tower
19:34 Guard Tower
19:36 Guard Tower
19:37 Guard Tower
19:37 Guard Tower
20:05 Scout Tower
20:06 Scout Tower
20:06 Scout Tower
20:07 Scout Tower
20:08 Scout Tower
21:16 Guard Tower
21:20 Scout Tower
21:21 Scout Tower
21:22 Scout Tower
21:22 Scout Tower
21:23 Scout Tower
21:23 Scout Tower
21:24 Scout Tower
21:24 Scout Tower
22:01 Guard Tower
22:04 Guard Tower
22:20 Arcane Tower
22:22 Guard Tower
22:30 Guard Tower
22:44 Guard Tower
22:46 Guard Tower
22:46 Guard Tower
22:59 Guard Tower
23:01 Scout Tower
23:13 Guard Tower
23:13 Guard Tower
23:25 Guard Tower
23:25 Guard Tower
23:28 Guard Tower
23:30 Guard Tower
23:48 Guard Tower
24:37 Scout Tower
24:39 Scout Tower
24:39 Scout Tower
24:40 Scout Tower
24:40 Scout Tower
24:41 Scout Tower
24:42 Scout Tower
24:42 Scout Tower
25:19 Guard Tower
25:41 Gryphon Aviary
25:44 Guard Tower
26:17 Guard Tower
27:51 Guard Tower
28:40 Guard Tower
29:00 Farm
29:00 Farm
29:01 Farm
29:02 Farm
30:07 Arcane Tower
» items
| Lesser Clarity Potion | 2 | |
| Boots of Speed | 3 | |
| Staff of Teleportation | 3 | |
| Scroll of Regeneration | 3 | |
| Potion of Healing | 4 | |
| Tome of Retraining | 2 | |
| Staff of Sanctuary | 3 | |
| Orb of Fire | 1 | |
21 total
team 2 (loser)

»
flowstate (
pink | 39 APM | 2289 actions | 58:15)
4 Firelord
2 Summon Lava Spawn
1 Incinerate
1 Soul Burn
3 Priestess of the Moon
2 Trueshot Aura
1 Searing Arrows
» actions
| Assign group hotkey | 137 | |
| Basic commands | 124 | |
| Build / train | 132 | |
| ESC pressed | 7 | |
| Enter build submenu | 27 | |
| Enter hero's abilities submenu | 9 | |
| Give item / drop item | 8 | |
| Remove unit from queue | 8 | |
| Right click | 942 | |
| Select / deselect | 491 | |
| Select group hotkey | 280 | |
| Use ability | 124 | |
2289 total
» units
| Wisp | 24 | |
| Archer | 12 | |
| Glaive Thrower | 8 | |
| Huntress | 1 | |
| Dryad | 4 | |
| Forest Troll Shadow Priest | 2 | |
| Mud Golem | 2 | |
| Mountain Giant | 8 | |
| Hippogryph | 4 | |
| Chimaera | 15 | |
80 total
» upgrades
| Strength of the Moon | 3 | |
| Ultravision | 1 | |
| Moon Armor | 3 | |
| Improved Bows | 1 | |
| Abolish Magic | 1 | |
| Well Spring | 1 | |
| Marksmanship | 1 | |
| Hardened Skin | 1 | |
| Resistant Skin | 1 | |
| Strength of the Wild | 3 | |
| Reinforced Hides | 3 | |
| Corrosive Breath | 1 | |
| Hippogryph Taming | 1 | |
| Vorpal Blades | 1 | |
22 total
» buildings
| Altar of Elders | 1 | |
| Moon Well | 8 | |
| Ancient of War | 2 | |
| Hunter's Hall | 1 | |
| Ancient of Wonders | 1 | |
| Ancient Protector | 7 | |
| Tree of Ages | 1 | |
| Ancient of Lore | 1 | |
| Tree of Life | 1 | |
| Tree of Eternity | 1 | |
| Ancient of Wind | 1 | |
| Chimaera Roost | 1 | |
26 total
» build order
00:08 Altar of Elders
00:13 Moon Well
01:26 Ancient of War
01:54 Moon Well
02:49 Hunter's Hall
02:55 Ancient of Wonders
03:38 Ancient of War
04:00 Ancient Protector
04:18 Moon Well
05:18 Moon Well
06:34 Moon Well
08:52 Tree of Ages
09:22 Ancient Protector
11:18 Ancient Protector
11:34 Ancient of Lore
14:17 Tree of Life
14:22 Ancient Protector
15:10 Ancient Protector
15:17 Ancient Protector
15:58 Tree of Eternity
17:54 Moon Well
17:56 Moon Well
18:11 Ancient of Wind
20:01 Ancient Protector
23:09 Moon Well
23:16 Chimaera Roost
» items
| Lesser Clarity Potion | 2 | |
| Moonstone | 1 | |
| Potion of Healing | 2 | |
| Orb of Venom | 1 | |
6 total
Chat log
(00:23 / All) BEAR_AND: hi
(00:31 / All) flowstate: hello
(00:54 / All) BEAR_AND: from?
(01:01 / All) flowstate: narnia
(01:03 / All) flowstate: u?
(01:06 / All) BEAR_AND: toronto
(01:12 / All) flowstate: right on
(01:19 / All) flowstate: San Diego
(23:53 / All) BEAR_AND: love 2 tower
(25:15 / All) BEAR_AND: that classic night elf armey
(26:24 / All) flowstate: ur just trolling?
(26:26 / All) BEAR_AND: hehe
(27:45 / All) BEAR_AND: lpol your golem
(28:20 / All) BEAR_AND: lmao
(28:22 / All) BEAR_AND: you don't need to die here
(28:32 / All) BEAR_AND: lmao
(29:20 / All) BEAR_AND: hahahah
(29:53 / All) BEAR_AND: good plays
(31:22 / All) BEAR_AND: lol
(31:35 / All) flowstate: SMH
(31:37 / All) flowstate: WTF MAN
(31:43 / All) flowstate: this will take forever
(32:56 / All) BEAR_AND: to lose yes i agree
(33:01 / All) BEAR_AND: do you enjoy losses that take 2hrs
(33:14 / All) BEAR_AND: or do you actually think you can win
(33:27 / All) flowstate: do u enjoy wins that take two hours and u do nothing?
(33:31 / All) BEAR_AND: yea it's fun
(33:40 / All) BEAR_AND: i mean i'm owning you
(33:53 / All) flowstate: dont want to take about it
(33:58 / All) flowstate: -block
(34:00 / All) BEAR_AND: ??
(34:31 / All) BEAR_AND: does that mean you blocked me hahaha
(36:14 / All) BEAR_AND: lol
(36:37 / All) BEAR_AND: hahahhahaha
(36:42 / All) BEAR_AND: why did you drop the archers
(36:50 / All) flowstate: run
(36:50 / All) flowstate: run
(36:58 / All) BEAR_AND: lol are you mad
(37:48 / All) BEAR_AND: lol dude
(38:20 / All) BEAR_AND: great playing dude
(38:39 / All) flowstate: hate to say it but with ne not sure how to beat that
(38:44 / All) flowstate: def annoying
(38:51 / All) flowstate: not exactly how its meant to be played
(40:08 / All) BEAR_AND: you're bad
(40:10 / All) BEAR_AND: sorry
(40:20 / All) flowstate: yea well
(40:25 / All) flowstate: it's a stand still as well
(40:33 / All) flowstate: (sorry)
(41:27 / All) BEAR_AND: no sorry i won this game
(41:45 / All) flowstate: have to destroy me first
(41:49 / All) BEAR_AND: or do i
(41:58 / All) flowstate: yea
(42:01 / All) flowstate: thats how it works
(42:08 / All) BEAR_AND: you have like 60 food hahah
(42:39 / All) BEAR_AND: hgaha holy shit you have formation move on
(42:52 / All) BEAR_AND: go back to campaign
(43:16 / All) flowstate: go back to being a virgin
(43:17 / All) flowstate: no wait
(43:21 / All) flowstate: ur already there
(43:25 / All) BEAR_AND: lol are you mad
(43:34 / All) BEAR_AND: you sound mad
(43:35 / All) flowstate: no reason to be mad
(43:44 / All) BEAR_AND: except you're getting clowned
(47:54 / All) BEAR_AND: thanx
(47:55 / All) flowstate: there u go
(47:57 / All) flowstate: an army
(47:58 / All) flowstate: hahah
(48:05 / All) flowstate: thought u were out of money
(48:11 / All) BEAR_AND: why would i run out of money
(48:16 / All) BEAR_AND: you've killed like 3 towers
(49:04 / All) flowstate: i mean wiht money u can build an army
(49:18 / All) flowstate: and finish the game...
(49:19 / All) BEAR_AND: uhh
(49:22 / All) BEAR_AND: boring
(49:45 / All) BEAR_AND: i want you to bow to me, kiss my feet, apologize for being so bad, and quit the game
(52:04 / All) BEAR_AND: hehe spicy
(52:46 / All) flowstate: u want my aa gone?
(52:52 / All) BEAR_AND: aa?
(52:57 / All) flowstate: anti air
(53:16 / All) BEAR_AND: doesn't really matter to me, you have about 25 apm
(53:32 / All) flowstate: apm?
(53:35 / All) BEAR_AND: lol
(53:44 / All) BEAR_AND: you new to RTS games?
(53:58 / All) flowstate: i only play this off and on so u can say that
(54:13 / All) flowstate: very casual age of empire and this
(54:18 / All) BEAR_AND: extremely casual
(54:22 / All) flowstate: yea
(54:26 / All) BEAR_AND: lol
(54:32 / All) flowstate: not a lie
(54:33 / All) flowstate: u?
(54:44 / All) BEAR_AND: i am not new to this game, no
(55:16 / All) BEAR_AND: lol
(55:25 / All) flowstate: mean at this point
(55:29 / All) BEAR_AND: what possessed you to choose firelord
(55:47 / All) flowstate: haha someone beat me with him said he always used him
(56:00 / All) BEAR_AND: so that's the extend of your reasoning?
(56:02 / All) BEAR_AND: extent
(56:10 / All) flowstate: yea
(56:13 / All) flowstate: i don't always use him
(56:24 / All) BEAR_AND: you like to be bad then?
(56:36 / All) flowstate: yea...
(56:51 / All) BEAR_AND: bye
(56:56 / All) flowstate: late
(56:56 / All) BEAR_AND: birdnoob
(56:58 / All) flowstate: ur a nice guy
(57:03 / All) BEAR_AND: you're bad
(57:06 / All) flowstate: love over hate remember that
(57:11 / All) BEAR_AND: win over lose lmao
(57:11 / All) flowstate: always a choice
(57:30 / All) BEAR_AND: kiss my feet
(57:43 / All) BEAR_AND: suck my dog dick
(57:46 / All) flowstate: not black and white my friend this yes, many other areas posibly not
(57:56 / All) BEAR_AND: what the fuck are you trying to say
(58:12 / All) flowstate: all about balance that's all
(58:15 / All) BEAR_AND: lmao